 Dungeon Crawl Stone Soup version 0.29-a0-870-g2c972031a6 (webtiles) character file.

Game seed: 13816093673743002531

39 nxtlvl the Cutter (level 3, -3/22 HPs)
             Began as a Deep Elf Monk on July 17, 2022.
             Slain by an orc
             ... wielding a +0 short sword
              (4 damage)
             ... on level 3 of the Dungeon.
             The game lasted 00:08:38 (983 turns).

nxtlvl the Cutter (Deep Elf Monk)                    Turns: 983, Time: 00:08:39

Health: -3/22      AC:  2    Str:  5 (8)  XL:     3   Next: 28%
Magic:  7/7        EV: 13    Int: 13 (16) God:
Gold:   104        SH:  0    Dex: 14 (17) Spells: 4/5 levels left

rFire   . . .      SeeInvis +   a - +0 rapier
rCold   . . .      Faith    .   (no shield)
rNeg    . . .      Spirit   .   b - +0 robe
rPois   .          Reflect  .   (no helmet)
rElec   .          Harm     .   (no cloak)
rCorr   .          Rampage  .   (no gloves)
Will    .....                   (no boots)
Stlth   ++........              e - amulet of magic regeneration
HPRegen 0.07/turn               l - ring of see invisible
MPRegen 0.50/turn               o - ring of flight

@: brilliant, attractive, flying
A: no striking features
a: no special abilities


You were on level 3 of the Dungeon.
You visited 1 branch of the dungeon, and saw 3 of its levels.

You collected 104 gold pieces.

Inventory:

Hand Weapons
 a - a +0 rapier (weapon)
Missiles
 h - 7 stones (quivered)
Armour
 b - a +0 robe (worn)
Magical Staves
 n - a staff of poison
Jewellery
 e - an amulet of magic regeneration (around neck)
 l - a ring of see invisible (left hand)
 o - a ring of flight (right hand)
Scrolls
 f - a scroll of vulnerability {unknown}
 j - a scroll of enchant weapon {unknown}
 m - a scroll of teleportation {unknown}
 q - a scroll of enchant armour {unknown}
 r - a scroll of amnesia {unknown}
Potions
 g - a potion of degeneration
 i - a potion of brilliance


   Skills:
 - Level 2.4 Fighting
 + Level 3.7 Short Blades
 - Level 3.6 Dodging
 - Level 2.4 Stealth
 + Level 1.7 Spellcasting
 * Level 1.4 Earth Magic


You had 4 spell levels left.
You knew the following spells:

 Your Spells              Type           Power      Damage    Failure   Level
z - Sandblast             Erth           14%        2d6       14%         1

Your spell library contained the following spells:

 Spells                   Type           Power      Damage    Failure   Level
 Slow                     Hex            4%         N/A       26%         1
 Passwall                 Tmut/Erth      3%         N/A       28%         2
 Stone Arrow              Conj/Erth      8%         3d7       50%         3
 Confusing Touch          Hex            1%         N/A       61%         3
 Vampiric Draining        Necr           1%         2d6       61%         3


Dungeon Overview and Level Annotations

Branches:
Dungeon (3/15)

Altars:


Message History

You feel attractive to monsters.
The orc wizard hits you with a +0 dagger.
* * * LOW HITPOINT WARNING * * *
It was a potion of flight.
You feel more buoyant.
The orc wizard hits you with a +0 dagger.
* * * LOW HITPOINT WARNING * * *
It was a potion of curing.
You feel better.
The orc wizard points at you and mumbles some strange words.
The magic dart hits you.
* * * LOW HITPOINT WARNING * * *
Casting: Sandblast (safe; 14% risk of failure)
Confirm with . or Enter, or press ? or * to list all spells.
Aiming: Sandblast (safe; 14% risk of failure)
Press: ? - help, Shift-Dir - straight line, f - orc, p - orc wizard
Aim: an orc, wielding a +0 short sword and wearing a +0 ring mail (81% to hit)
You feel a surge of power!
The blast of sand hits the orc wizard.
The orc wizard is almost dead.
The orc wizard completely misses you.
The orc wizard hits you with a +0 dagger.
* * * LOW HITPOINT WARNING * * *
Casting: Sandblast (safe; 14% risk of failure)
Confirm with . or Enter, or press ? or * to list all spells.
Aiming: Sandblast (safe; 14% risk of failure)
Press: ? - help, Shift-Dir - straight line, f/p - orc
Aim: an orc, wielding a +0 short sword and wearing a +0 ring mail (81% to hit)
You feel a surge of power!
The blast of sand hits the orc wizard.
The orc wizard is almost dead.
The orc wizard barely misses you.
The orc wizard hits you with a +0 dagger.
* * * LOW HITPOINT WARNING * * *
Casting: Sandblast (safe; 14% risk of failure)
Confirm with . or Enter, or press ? or * to list all spells.
Aiming: Sandblast (safe; 14% risk of failure)
Press: ? - help, Shift-Dir - straight line, f/p - orc
Aim: an orc, wielding a +0 short sword and wearing a +0 ring mail (81% to hit)
You feel a surge of power!
The blast of sand hits the orc wizard.
You kill the orc wizard!
The orc hits you with a +0 short sword.
You die...

#.# #.# #.# #.# #.# #.#
## #.# ..
#.#####################
#...oo@................
#######################


You could see 2 orcs.

Vanquished Creatures
  An orc wizard (D:3)
  An adder (D:2)
  An orc (D:3)
  5 ball pythons
  A bat (D:1)
  2 giant cockroaches
  2 hobgoblins
  3 kobolds
  3 quokkas
  5 frilled lizards
  2 goblins
  4 rats
30 creatures vanquished.

Notes
Turn   | Place    | Note
-------+----------+-------------------------------------------
     0 | D:1      | nxtlvl the Deep Elf Monk began the quest for the Orb.
     0 | D:1      | Reached XP level 1. HP: 13/13 MP: 3/3
    43 | D:1      | Found a faded altar of an unknown god.
   119 | D:1      | You fall into a shaft and drop 1 floor!
   234 | D:2      | Reached XP level 2. HP: 17/18 MP: 4/4
   250 | D:2      | Learned a level 1 spell: Sandblast
   328 | D:2      | Reached skill level 1 in Spellcasting
   696 | D:2      | Reached skill level 1 in Earth Magic
   741 | D:2      | Reached XP level 3. HP: 21/22 MP: 7/7
   981 | D:3      | HP: 1/22 [orc wizard/+0 dagger (2)]
   983 | D:3      | Slain by an orc

Illustrated notes

Levels and vault maps discovered:
D:1:      dpeg_arrival_ternary, layout_rooms, shapermc_ecumenical_altar_pompeii
D:2:      layout_basic
D:3:      layout_basic, tso_metal_star, minitemple

Skill      XL: |  1  2 |
---------------+-------+-----
Spellcasting   | 1 |  1.7
Earth Magic    | 1 |  1.4
Fighting       | |  2.4
Short Blades   | |  3.7
Dodging        | |  3.6
Stealth        | |  2.4

Action                   || total
-------------------------++-------
Melee: Short sword       ||    19
       Rapier            ||    58
       Punch             ||     2
 Cast: Sandblast         ||    10
  Use: Potion            ||     6
 Stab: Sleeping          ||     9
Armor: Robe              ||    14
Dodge: Dodged            ||    57

Table legend: (Time is in decaauts)
 A = Elapsed time spent in this place.
 B = Non-inter-level travel time spent in this place.
 C = Inter-level travel time spent in this place.
 D = Time resting spent in this place.
 E = Time spent auto-exploring this place.
 F = Levels seen in this place.
 G = Mean time per level.
                   A        B        C        D        E       F      G
               +--------+--------+--------+--------+--------+-----+--------+
         Total |    993 |    885 |    108 |      0 |     43 |   3 |  331.0 |
       Dungeon |    993 |    885 |    108 |      0 |     43 |   3 |  331.0 |
               +--------+--------+--------+--------+--------+-----+--------+

Top non-repeatable levels by time:
     D:2: 415 daAuts
     D:1: 401 daAuts
     D:3: 176 daAuts
